TOP OF THE 1ST |
Santa Anna Dukes batting - Pitching for Watertown Headhunters : RHP Luis García
|
Pitching: RHP Luis García
|
|
Batting: RHB Rory Howard
|
0-0: Foul Ball, location: 2F 0-1: Foul Ball, location: 2F 0-2: Foul Ball, location: 2F 0-2: Ball 1-2: Fly out, F6 (Line Drive, 6)
|
Batting: RHB Ben Wilson
|
0-0: Ball 1-0: Ball 2-0: Called Strike 2-1: SINGLE (Line Drive, 4D)
|
Batting: RHB Jesús Velásquez
|
0-0: Ball 1-0: Called Strike 1-1: Ball 2-1: Fly out, F8 (Flyball, 8LM)
|
Batting: RHB Scott McGuire
|
0-0: Ball 1-0: Fly out, F9 (Flyball, 9)
|
Top of the 1st over - 0 run(s), 1 hit(s), 0 error(s), 1 left on base; Santa Anna 0 - Watertown 0 |
BOTTOM OF THE 1ST |
Watertown Headhunters batting - Pitching for Santa Anna Dukes : LHP Ángel Gonzáles
|
Pitching: LHP Ángel Gonzáles
|
|
Batting: RHB José Maldonado
|
0-0: Ground out 5-3 (Groundball, 56S)
|
Batting: RHB Luis Árias
|
0-0: Called Strike 0-1: Ball 1-1: Ball 2-1: Ball 3-1: Foul Ball, location: 2F 3-2: SINGLE (Line Drive, 3S)
|
Batting: RHB Daniel Martínez
|
0-0: Foul Ball, location: 2F 0-1: Swinging Strike 0-2: Ball 1-2: Foul Ball, location: 2F 1-2: Ball 2-2: Grounds into double play, 6-4-3 (Groundball, 6)
|
Bottom of the 1st over - 0 run(s), 1 hit(s), 0 error(s), 0 left on base; Santa Anna 0 - Watertown 0 |
TOP OF THE 2ND |
Santa Anna Dukes batting - Pitching for Watertown Headhunters : RHP Luis García
|
Batting: SHB Jerry Young
|
0-0: Swinging Strike 0-1: Ball 1-1: Ball 2-1: Foul Ball, location: 2F 2-2: Strikes out swinging
|
Batting: RHB John Hutchins
|
0-0: Ball 1-0: Ball 2-0: Fly out, F8 (Flyball, 8LM)
|
Batting: LHB Tony Beck
|
0-0: Called Strike 0-1: Ball 1-1: Ball 2-1: Foul Ball, location: 2F 2-2: Strikes out looking
|
Top of the 2nd over - 0 run(s), 0 hit(s), 0 error(s), 0 left on base; Santa Anna 0 - Watertown 0 |
BOTTOM OF THE 2ND |
Watertown Headhunters batting - Pitching for Santa Anna Dukes : LHP Ángel Gonzáles
|
Batting: LHB Jorge Luna
|
0-0: Swinging Strike 0-1: Called Strike 0-2: DOUBLE (Line Drive, 9LM)
|
Batting: RHB Ira Ross
|
0-0: Foul Ball, location: 2F 0-1: Ball 1-1: Foul Ball, location: 2F 1-2: Fly out, F4 (Line Drive, 4)
|
Batting: RHB Mike Hurt
|
0-0: Ball 1-0: Fly out, F9 (Flyball, 89M)
|
Batting: RHB Victor Gilbert
|
0-0: Ball 1-0: Fly out, F9 (Flyball, 89S)
|
Bottom of the 2nd over - 0 run(s), 1 hit(s), 0 error(s), 1 left on base; Santa Anna 0 - Watertown 0 |
TOP OF THE 3RD |
Santa Anna Dukes batting - Pitching for Watertown Headhunters : RHP Luis García
|
Batting: RHB William Elliott
|
0-0: Swinging Strike 0-1: Ball 1-1: Foul Ball, location: 2F 1-2: Ball 2-2: Foul Ball, location: 2F 2-2: Ball 3-2: Strikes out looking
|
Batting: RHB Brian Martínez
|
0-0: Called Strike 0-1: Foul Ball, location: 2F 0-2: Ball 1-2: Ball 2-2: Strikes out swinging
|
Batting: RHB Rory Howard
|
0-0: Foul Ball, location: 2F 0-1: Ball 1-1: Ground out 5-3 (Groundball, 56S)
|
Top of the 3rd over - 0 run(s), 0 hit(s), 0 error(s), 0 left on base; Santa Anna 0 - Watertown 0 |
BOTTOM OF THE 3RD |
Watertown Headhunters batting - Pitching for Santa Anna Dukes : LHP Ángel Gonzáles
|
Batting: RHB Juan Carlos Ramos
|
0-0: Ball 1-0: Fly out, F8 (Line Drive, 8LM)
|
Batting: RHB Vaughan Shelton
|
0-0: Foul Ball, location: 2F 0-1: Ball 1-1: Ground out 5-3 (Groundball, 5)
|
Batting: RHB José Maldonado
|
0-0: SINGLE (Groundball, 4S) (infield hit)
|
Batting: RHB Luis Árias
|
0-0: Ball José Maldonado is caught stealing 2nd base
|
Bottom of the 3rd over - 0 run(s), 1 hit(s), 0 error(s), 0 left on base; Santa Anna 0 - Watertown 0 |
TOP OF THE 4TH |
Santa Anna Dukes batting - Pitching for Watertown Headhunters : RHP Luis García
|
Batting: RHB Ben Wilson
|
0-0: Ball 1-0: Foul Ball, location: 2F 1-1: Ball 2-1: SINGLE (Flyball, 8RS)
|
Batting: RHB Jesús Velásquez
|
0-0: Called Strike 0-1: Foul Ball, location: 2F 0-2: Strikes out looking
|
Batting: RHB Scott McGuire
|
0-0: Ball 1-0: Called Strike 1-1: Foul Ball, location: 2F 1-2: Grounds into double play, 1-6-3 (Groundball, P)
|
Top of the 4th over - 0 run(s), 1 hit(s), 0 error(s), 0 left on base; Santa Anna 0 - Watertown 0 |
BOTTOM OF THE 4TH |
Watertown Headhunters batting - Pitching for Santa Anna Dukes : LHP Ángel Gonzáles
|
Batting: RHB Luis Árias
|
0-0: Ball 1-0: Called Strike 1-1: Ground out 6-3 (Groundball, 56)
|
Batting: RHB Daniel Martínez
|
0-0: Ball 1-0: Called Strike 1-1: Ball 2-1: Foul Ball, location: 2F 2-2: Foul Ball, location: 2F 2-2: Strikes out swinging
|
Batting: LHB Jorge Luna
|
0-0: Ball 1-0: Called Strike 1-1: Foul Ball, location: 2F 1-2: Foul Ball, location: 2F 1-2: Strikes out swinging
|
Bottom of the 4th over - 0 run(s), 0 hit(s), 0 error(s), 0 left on base; Santa Anna 0 - Watertown 0 |
TOP OF THE 5TH |
Santa Anna Dukes batting - Pitching for Watertown Headhunters : RHP Luis García
|
Batting: SHB Jerry Young
|
0-0: Foul Ball, location: 2F 0-1: Fly out, F7 (Flyball, 7S)
|
Batting: RHB John Hutchins
|
0-0: Ground out 5-3 (Groundball, 56)
|
Batting: LHB Tony Beck
|
0-0: Fly out, F7 (Flyball, 7S)
|
Top of the 5th over - 0 run(s), 0 hit(s), 0 error(s), 0 left on base; Santa Anna 0 - Watertown 0 |
BOTTOM OF THE 5TH |
Watertown Headhunters batting - Pitching for Santa Anna Dukes : LHP Ángel Gonzáles
|
Batting: RHB Ira Ross
|
0-0: SINGLE (Groundball, 6D)
|
Batting: RHB Mike Hurt
|
0-0: Foul Ball, location: 2F 0-1: Fly out, F7 (Flyball, 7)
|
Batting: RHB Victor Gilbert
|
0-0: Ball 1-0: Swinging Strike 1-1: Called Strike 1-2: Ball 2-2: Fly out, F9 (Flyball, 89M)
|
Batting: RHB Juan Carlos Ramos
|
0-0: Foul Ball, location: 2F 0-1: Swinging Strike 0-2: Foul Ball, location: 2F 0-2: Foul Ball, location: 2F 0-2: Ball 1-2: Ball 2-2: Ground out U3 (Groundball, 3S)
|
Bottom of the 5th over - 0 run(s), 1 hit(s), 0 error(s), 1 left on base; Santa Anna 0 - Watertown 0 |
TOP OF THE 6TH |
Santa Anna Dukes batting - Pitching for Watertown Headhunters : RHP Luis García
|
Batting: RHB William Elliott
|
0-0: Ground out 5-3 (Groundball, 56)
|
Batting: RHB Brian Martínez
|
0-0: Called Strike 0-1: Foul Ball, location: 2F 0-2: Strikes out looking
|
Batting: RHB Rory Howard
|
Error on foul ball, E9 0-1: Foul Ball, location: 2F 0-2: Fly out, F8 (Flyball, 78M)
|
Top of the 6th over - 0 run(s), 0 hit(s), 1 error(s), 0 left on base; Santa Anna 0 - Watertown 0 |
BOTTOM OF THE 6TH |
Watertown Headhunters batting - Pitching for Santa Anna Dukes : LHP Ángel Gonzáles
|
Batting: RHB Vaughan Shelton
|
0-0: Called Strike 0-1: Foul Ball, location: 2F 0-2: Foul Ball, location: 2F 0-2: Ball 1-2: Ball 2-2: Foul Ball, location: 2F 2-2: Ball 3-2: TRIPLE (Line Drive, 8LM)
|
Batting: RHB José Maldonado
|
0-0: Ground out 6-3 (Groundball, 6)
|
Batting: RHB Luis Árias
|
0-0: Ball 1-0: Called Strike 1-1: Called Strike 1-2: Ball 2-2: Ball 3-2: Foul Ball, location: 2F 3-2: Fly out, F8 (Line Drive, 8RM) Runner from 3rd tags up, SCORES, no throw
|
Batting: RHB Daniel Martínez
|
0-0: Ground out 6-3 (Groundball, 6MS)
|
Bottom of the 6th over - 1 run(s), 1 hit(s), 0 error(s), 0 left on base; Santa Anna 0 - Watertown 1 |
TOP OF THE 7TH |
Santa Anna Dukes batting - Pitching for Watertown Headhunters : RHP Luis García
|
Batting: RHB Ben Wilson
|
0-0: SINGLE (Line Drive, 89S)
|
Pinch Hitting: LHB Dave Reynolds
|
0-0: SINGLE (Flyball, 8RS) Ben Wilson to second Runner from 2nd tries for 3rd, SAFE, throw made to third
|
Pinch Hitting: SHB Lonnie Washington
|
0-0: Ball 1-0: Ball Dave Reynolds is caught stealing 2nd base 2-0: Ball 3-0: Called Strike 3-1: Foul Ball, location: 2F 3-2: Foul Ball, location: 2F 3-2: Strikes out swinging
|
Pinch Hitting: RHB Alberto Morín
|
0-0: Fly out, F7 (Line Drive, 7)
|
Top of the 7th over - 0 run(s), 2 hit(s), 0 error(s), 1 left on base; Santa Anna 0 - Watertown 1 |
BOTTOM OF THE 7TH |
Watertown Headhunters batting - Pitching for Santa Anna Dukes : LHP Ángel Gonzáles
|
Now at 1B: Michael Hastings
|
|
Now at SS: Alberto Morín
|
|
Now in RF: John Miller
|
|
Batting: LHB Jorge Luna
|
0-0: Called Strike 0-1: Ball 1-1: Fly out, F2 (Popup, 23)
|
Pitching: RHP José Braceiras
|
|
Batting: RHB Ira Ross
|
0-0: Ball 1-0: Called Strike 1-1: Ball 2-1: SOLO HOME RUN (Flyball, 8LXD), Distance : 451 ft
|
Batting: RHB Mike Hurt
|
0-0: Foul Ball, location: 2F 0-1: Ball 1-1: Ball 2-1: Ground out 6-3 (Groundball, 6)
|
Batting: RHB Victor Gilbert
|
0-0: Ball 1-0: Fly out, F9 (Flyball, 9LMF)
|
Bottom of the 7th over - 1 run(s), 1 hit(s), 0 error(s), 0 left on base; Santa Anna 0 - Watertown 2 |
TOP OF THE 8TH |
Santa Anna Dukes batting - Pitching for Watertown Headhunters : RHP Luis García
|
Batting: RHB John Hutchins
|
0-0: SINGLE (Flyball, 9LS)
|
Batting: LHB Tony Beck
|
0-0: Ball 1-0: Foul Ball, location: 2F 1-1: Ball 2-1: Grounds into double play, 4-6-3 (Groundball, 4M)
|
Batting: RHB William Elliott
|
0-0: Called Strike 0-1: Ball 1-1: Foul Ball, location: 2F 1-2: Strikes out looking
|
Top of the 8th over - 0 run(s), 1 hit(s), 0 error(s), 0 left on base; Santa Anna 0 - Watertown 2 |
BOTTOM OF THE 8TH |
Watertown Headhunters batting - Pitching for Santa Anna Dukes : RHP José Braceiras
|
Batting: RHB Juan Carlos Ramos
|
0-0: Ball 1-0: Foul Ball, location: 2F 1-1: Foul Ball, location: 2F 1-2: Foul Ball, location: 2F 1-2: Strikes out swinging
|
Batting: RHB Vaughan Shelton
|
0-0: Ball 1-0: Ball 2-0: Fly out, F4 (Line Drive, 34)
|
Batting: RHB José Maldonado
|
0-0: Ball 1-0: Called Strike 1-1: Ball 2-1: Foul Ball, location: 2F 2-2: Ground out 5-3 (Groundball, 5)
|
Bottom of the 8th over - 0 run(s), 0 hit(s), 0 error(s), 0 left on base; Santa Anna 0 - Watertown 2 |
TOP OF THE 9TH |
Santa Anna Dukes batting - Pitching for Watertown Headhunters : RHP Luis García
|
Pitching: RHP Roberto Marino
|
|
Batting: RHB Brian Martínez
|
0-0: Called Strike 0-1: Foul Ball, location: 2F 0-2: Strikes out swinging
|
Batting: RHB Rory Howard
|
0-0: Ball 1-0: Called Strike 1-1: Foul Ball, location: 2F 1-2: Ball 2-2: Foul Ball, location: 2F 2-2: Strikes out swinging
|
Batting: RHB Ben Wilson
|
0-0: Ball 1-0: Ball 2-0: Ball 3-0: Base on Balls
|
Pinch Hitting: RHB Brent Allen
|
0-0: Ball 1-0: Ball 2-0: Called Strike 2-1: Ball 3-1: Fly out, F8 (Flyball, 8LM)
|
Top of the 9th over - 0 run(s), 0 hit(s), 0 error(s), 1 left on base; Santa Anna 0 - Watertown 2 |
|